Map: Deathaura LE

Players

Massa - Winner!

  • Race: Terran Terran
  • League: Platinum
  • Spawn Location: 5:00

andChill

  • Race: Protoss Protoss
  • League: Diamond
  • Spawn Location: 11:00

VOD

Have the link to the VOD?

Description

Time

  • Played on: Feb. 13, 2021, 6:08 a.m.
  • Length: 13:26
Show
View Real Time Build Order
Export as new Build Order

Massa Terran - Winner!

Build Orders:  

Get SALT Encoding   

  12  0:00  SCV  
  13  0:12  SCV  
  14  0:18  Supply Depot  
  14  0:25  SCV  
  15  0:40  SCV  
  16  0:44  Barracks  
  16  0:49  Refinery  
  16  0:52  SCV  
  17  1:04  SCV  
  18  1:16  SCV  
  19  1:36  Orbital Command  
  19  1:44  Command Center  
  19  1:45  Barracks Reactor  
  19  2:04  SCV  
  19  2:06  Supply Depot  
  20  2:15  Engineering Bay  
  20  2:28  Marine x2  
  22  2:35  Bunker  
  22  2:39  Factory  
  22  2:44  Barracks  
  22  2:47  Marine x2  
  23  3:05  Marine x2  
  24  3:12  Orbital Command  
  24  3:18  SCV  
  25  3:22  Marine  
  25  3:23  Marine  
  25  3:26  Hellion  
  29  3:33  Barracks Tech Lab  
  29  3:37  Starport  
  29  3:40  Marine  
  29  3:41  Marine  
  31  3:58  Marine  
  31  3:59  Hellion, Marine  
  35  4:09  Stimpack  
  35  4:13  Starport Tech Lab  
  35  4:15  SCV  
  35  4:16  Marine  
  37  4:17  SCV  
  38  4:27  SCV  
  38  4:29  SCV  
  40  4:32  Engineering Bay  
  40  4:34  Supply Depot  
  40  4:39  SCV  
  40  4:40  Supply Depot  
  40  4:41  SCV  
  40  4:45  Banshee  
  42  4:51  SCV  
  46  4:55  Marine  
  46  4:56  Hellion, Marine  
  50  5:06  Supply Depot  
  50  5:07  Refinery, Cloaking Field  
  50  5:08  Marine  
  50  5:13  Marine  
  50  5:14  Marine  
  53  5:20  Missile Turret  
  55  5:30  Factory Tech Lab  
  53  5:38  Medivac  
  53  5:41  SCV x2  
  57  5:48  Missile Turret  
  57  5:53  SCV x2  
  59  6:03  Refinery  
  59  6:48  Marauder, Marine x2  
  59  6:50  SCV x2  
  65  7:01  Cyclone, Armory  
  65  7:02  SCV x2  
  70  7:15  Supply Depot  
  70  7:36  SCV, Marauder, Marine x2  
  75  7:38  Supply Depot  
  75  7:42  Medivac  
  77  7:54  Marine  
  78  7:59  Marine x2  
  78  8:00  Supply Depot  
  77  8:11  Marine  
  78  8:14  Barracks x2  
  78  8:15  Barracks  
  78  8:16  Combat Shield  
  78  8:17  Marine x2  
  78  8:18  Medivac, Supply Depot x2  
  82  8:20  Supply Depot  
  82  8:22  Supply Depot  
  82  8:26  Thor  
  88  8:29  Marine  
  89  8:35  Marine x2  
  89  8:38  Command Center  
  91  8:42  Barracks, Terran Infantry Weapons Level 1  
  91  8:46  Engineering Bay, Terran Vehicle Weapons Level 1  
  91  8:47  SCV  
  91  8:48  SCV, Medivac  
  95  8:59  SCV, Corvid Reactor  
  95  9:00  SCV  
  94  9:26  Barracks Reactor, Barracks Tech Lab, Marauder  
  94  9:27  Marine x3  
  99  9:37  Missile Turret  
  98  9:44  Marine  
  98  9:45  Marine x2  
  101  9:47  Marine  
  102  10:08  Marine x7  
  102  10:13  Thor  
  115  10:23  Refinery, Terran Infantry Armor Level 1  
  115  10:26  Marine x7  
  122  10:43  Marine  
  122  10:44  Marine x4  
  122  10:49  Orbital Command  
  128  10:50  SCV x2  
  128  10:53  Refinery  
  128  10:54  Refinery  
  128  10:56  Thor  
  136  10:58  Concussive Shells  
  136  10:59  Barracks Reactor  
  136  11:02  SCV x2  
  137  11:14  SCV  
  138  11:29  Missile Turret  
  138  11:32  Missile Turret  
  138  11:34  Missile Turret  
  138  11:36  SCV x3  
  139  11:48  SCV x2  
  139  11:49  SCV, Marine  
  141  12:04  Supply Depot  
  141  12:06  Supply Depot x2  
  141  12:07  Supply Depot  
  141  12:08  Supply Depot  
  141  12:11  Supply Depot  
  141  12:20  Barracks Reactor  
  141  12:25  Marine x2, Thor  
  141  12:26  Factory  
  141  12:27  SCV x2, Marine, Medivac  
  154  12:36  Supply Depot x2  
  154  12:38  Supply Depot  
  154  12:39  Supply Depot  
  154  12:55  Command Center  
  156  13:02  Supply Depot  
  156  13:05  Supply Depot  
Show
View Real Time Build Order
Export as new Build Order

andChill Protoss 

Build Orders: Carriers 

Get SALT Encoding   

  12  0:01  Probe  
  13  0:13  Probe  
  14  0:19  Pylon  
  14  0:25  Probe  
  15  0:37  Probe  
  15  0:41  Gateway  
  16  0:48  Pylon  
  16  0:55  Assimilator  
  16  0:58  Probe  
  17  1:10  Probe (Chrono Boost)  
  18  1:22  Probe (Chrono Boost)  
  18  1:24  Gateway  
  19  1:30  Cybernetics Core  
  19  1:32  Probe (Chrono Boost)  
  20  1:43  Probe  
  20  1:46  Pylon  
  21  2:19  Stalker (Chrono Boost)  
  23  2:26  Assimilator  
  23  2:27  Stalker (Chrono Boost)  
  23  2:29  Shield Battery  
  25  2:39  Pylon  
  25  3:24  Probe (Chrono Boost)  
  26  3:36  Probe (Chrono Boost)  
  26  3:38  Nexus  
  27  3:43  Nexus  
  27  3:45  Probe (Chrono Boost)  
  28  3:50  Probe  
  28  4:02  Probe  
  29  4:03  Nexus  
  29  4:11  Shield Battery, Stalker  
  31  4:17  Pylon  
  31  4:36  Shield Battery  
  31  4:43  Shield Battery  
  31  4:45  Pylon  
  31  5:03  Stalker  
  33  5:09  Shield Battery  
  33  5:10  Protoss Air Weapons Level 1 (Chrono Boost)  
  33  5:11  Probe (Chrono Boost)  
  33  5:13  Probe (Chrono Boost)  
  36  5:16  Probe (Chrono Boost)  
  36  5:17  Shield Battery  
  36  5:35  Stargate  
  36  5:36  Stargate  
  36  5:43  Probe (Chrono Boost)  
  36  5:48  Probe x3 (Chrono Boost)  
  40  5:54  Probe (Chrono Boost), Pylon  
  44  5:57  Probe x2 (Chrono Boost)  
  44  5:58  Probe (Chrono Boost)  
  44  6:02  Probe (Chrono Boost)  
  45  6:08  Probe (Chrono Boost)  
  45  6:09  Stalker  
  49  6:12  Probe (Chrono Boost)  
  48  6:22  Stargate  
  47  6:30  Fleet Beacon  
  46  6:37  Void Ray  
  46  6:39  Probe (Chrono Boost)  
  46  6:49  Probe (Chrono Boost)  
  47  6:54  Probe (Chrono Boost)  
  48  7:06  Probe  
  49  7:09  Nexus  
  49  7:18  Probe  
  49  7:21  Nexus  
  53  7:32  Oracle (Chrono Boost)  
  53  7:33  Pylon  
  52  7:51  Probe x3  
  55  8:04  Probe (Chrono Boost)  
  58  8:06  Probe x2 (Chrono Boost)  
  58  8:16  Probe (Chrono Boost), Assimilator  
  58  8:19  Assimilator  
  59  8:20  Probe (Chrono Boost)  
  59  8:21  Probe (Chrono Boost)  
  59  8:27  Probe  
  60  8:40  Probe  
  61  8:50  Probe x3  
  61  8:52  Probe  
  61  8:54  Assimilator  
  65  8:59  Assimilator  
  65  9:02  Probe x2  
  67  9:08  Carrier x2 (Chrono Boost)  
  79  9:22  Unknown  
  79  9:25  Unknown  
  76  9:35  Carrier (Chrono Boost)  
  82  9:45  Probe  
  83  9:57  Probe  
  83  9:58  Carrier  
  86  10:22  Pylon x2  
  86  10:38  Carrier (Chrono Boost)  
  86  10:40  Nexus  
  86  10:41  Pylon  
  98  10:48  Carrier (Chrono Boost)  
  98  10:51  Nexus  
  98  11:11  Probe x2  
  106  11:20  Carrier (Chrono Boost)  
  106  11:29  Shield Battery  
  106  11:48  Carrier (Chrono Boost)  
  106  11:52  Carrier (Chrono Boost)  
  101  12:11  Probe (Chrono Boost)  
  88  12:17  Probe x2 (Chrono Boost)  
  88  12:25  Probe (Chrono Boost)  
Tags
 
Composition
Carriers
Matchup
PvT
Replay Pack
Multiplayer
Spawn Locations
Cross Positions
Add a new tag
Caveats
  • Supply blocks, unpowered buildings, or Contaminate may cause inaccurate times.
  • Supply counts are checked every 10 seconds.